 Dungeon Crawl Stone Soup version 0.12.2-35-g1c9f977 (webtiles) character file.

304 HoboGoblin the Slasher (level 5, -1/32 HPs)
             Began as a Tengu Gladiator on Sept 14, 2013.
             Killed from afar by an orc wizard (4 damage)
             ... with a magic dart
             ... on Level 3 of the Dungeon.
             The game lasted 00:07:41 (2816 turns).

HoboGoblin the Slasher (Tengu Gladiator)            Turns: 2816, Time: 00:07:41

HP  -1/32        AC  3     Str 15      XL: 5   Next: 40%
MP   6/6         EV 13     Int  9      God:
Gold 145         SH  0     Dex 15      Spells:  0 memorised,  4 levels left

Res.Fire  : . . .   See Invis. : .   a - +0 falchion
Res.Cold  : . . .   Warding    : .   b - +0 leather armour
Life Prot.: . . .   Conserve   : .   (no shield)
Res.Poison: .       Res.Corr.  : .   c - +0 cap
Res.Elec. : .       Clarity    : .   (no cloak)
Sust.Abil.: . .     Spirit.Shd : .   (no gloves)
Res.Mut.  : .       Stasis     : .   (boots unavailable)
Res.Rott. : .       Ctrl.Telep.: .   (no amulet)
Saprovore : . . .   Flight     : .   (no ring)
                                     (no ring)

@: slightly resistant to hostile enchantments, unstealthy
A: able to fly, beak, talons 3
a: Fly


You were on level 3 of the Dungeon.
You were not hungry.

You visited 1 branch of the dungeon, and saw 3 of its levels.

You collected 125 gold pieces.

Inventory:

Hand weapons
 a - a +0,+0 falchion (weapon)
 n - a +0,+0 sling
 q - a +0 blowgun
Missiles
 d - 3 throwing nets (quivered)
 p - 26 stones
 s - 4 poisoned needles
Armour
 b - a +0 leather armour (worn)
 c - a +0 cap (worn)
Comestibles
 f - 3 bread rations
 g - a meat ration
 l - 6 strawberries
Scrolls
 h - a scroll of curse armour {unknown}
 j - a scroll of magic mapping {unknown}
 m - a scroll of random uselessness {unknown}
 o - 2 scrolls of remove curse {unknown}
Jewellery
 e - an uncursed ring of sustenance {unknown}
 k - a cursed ring of teleportation {unknown}
Potions
 i - a potion of resistance
 r - a potion of curing
 t - a potion of heal wounds {unknown}


   Skills:
 + Level 3.3 Fighting
 * Level 5.3 Long Blades
 - Level 2.1 Throwing
 + Level 4.0 Dodging


You had 4 spell levels left.
You didn't know any spells.

Dungeon Overview and Level Annotations

Branches:
Dungeon (3/27)

Altars:

Annotations
D:3 Sigmund


Innate Abilities, Weirdness & Mutations

You can fly.
You have a beak for a mouth.
You have claws for feet.


Message History

a - a +0,+0 falchion (weapon)
It hits you.
You completely miss it. Your kick misses it. You peck it. You hit it.
You claw it. It hits you.
You miss it. You peck it. It hits you but does no damage.
You miss it. Your kick misses it. It hits you.
You closely miss it. Your kick misses it. It hits you.
* * * LOW HITPOINT WARNING * * *
You barely miss it. You claw it. It hits you.
* * * LOW HITPOINT WARNING * * *
Drink which item? (? for menu, Esc to quit)
You feel better. It hits you.
* * * LOW HITPOINT WARNING * * *
Unknown command.
You barely miss it. Your kick misses it. It hits you.
* * * LOW HITPOINT WARNING * * *
You miss it. Your kick misses it.
You hear some strange, mumbled words.
The magic dart hits you!
You die...

...... .. ... ....## ..
#.# ...... ####. #.#
....... ..#..(. #.#
........
......####.##...#. .
......#
#...)........#.#........
......#
#......##......#...
......#
##.###.............
......# #@#
#.#..####..... ......#
....###.###.#..####.....
##....#
....'...).(............#
#....#
....###.###.............
#....#
##.###.#.(.........
##....#
...............#...
......#
...................
...####
###.............>...
..## #.##.###......#...


There were no monsters in sight!

Vanquished Creatures
  6 adders
  A giant mite (D:3)
  2 worms
  A giant gecko (D:1)
  5 oozes (D:1)
  3 orcs (D:3)
  7 bats
  4 giant cockroaches
  8 goblins
  5 hobgoblins
  7 jackals
  A quokka (D:2)
  2 giant newts
  8 kobolds
  14 rats
74 creatures vanquished.

Vanquished Creatures (others)
  A rat (D:1)
1 creature vanquished.

Grand Total: 75 creatures vanquished

Notes
Turn   | Place    | Note
--------------------------------------------------------------
     0 | D:1      | HoboGoblin, the Tengu Gladiator, began the quest for the Orb.
     0 | D:1      | Reached XP level 1. HP: 13/13 MP: 0/0
    89 | D:1      | Reached XP level 2. HP: 12/18 MP: 2/2
   292 | D:1      | Reached skill level 4 in Long Blades
   333 | D:1      | Reached XP level 3. HP: 11/22 MP: 3/3
   903 | D:2      | Reached XP level 4. HP: 17/28 MP: 4/4
  1965 | D:2      | Reached skill level 5 in Long Blades
  1965 | D:2      | Reached XP level 5. HP: 22/32 MP: 6/6
  2264 | D:3      | Noticed Sigmund
  2816 | D:3      | Killed from afar by an orc wizard

Action                   |  1- 3 |  4- 6 || total
-------------------------+-------+-------++-------
Melee: Falchion          |   107 |   108 ||   215
       Blowgun           |       |     1 ||     1
 Fire: Sling             |       |     3 ||     3
       Blowgun           |       |     1 ||     1
  Use: Potion            |     5 |     1 ||     6
       Scroll            |       |     2 ||     2
 Stab: Distracted        |     1 |       ||     1
